 Dungeon Crawl Stone Soup version 0.29.1-13-g9f3cf754e1 (webtiles) character file.

Game seed: 16379591654960480024

8 growler the Trooper (level 2, 23/23 HPs)
             Began as a Demonspawn Wanderer on Jan 22, 2023.
             Quit the game on level 1 of the Dungeon on Jan 23, 2023.
             The game lasted 00:01:54 (575 turns).

growler the Trooper (Demonspawn Wanderer)            Turns: 575, Time: 00:01:54

Health: 23/23      AC:  2    Str: 14    XL:     2   Next: 0%
Magic:  3/3        EV: 11    Int: 15    God:
Gold:   14         SH:  0    Dex:  8    Spells: 3/3 levels left

rFire   . . .      SeeInvis .   a - +0 club
rCold   . . .      Faith    .   (no shield)
rNeg    . . .      Spirit   .   c - +0 robe
rPois   .          Reflect  .   (helmet restricted)
rElec   .          Harm     .   (no cloak)
rCorr   .          Rampage  .   (no gloves)
Will    .....                   (no boots)
Stlth   +.........              (no amulet)
HPRegen 0.07/turn               (no ring)
MPRegen 0.08/turn               (no ring)

@: no status effects
A: antennae 1
a: no special abilities


You were on level 1 of the Dungeon.
You visited 1 branch of the dungeon, and saw 1 of its levels.

You collected 14 gold pieces.

Inventory:

Hand Weapons
 a - a +0 club (weapon)
Armour
 c - a +0 robe (worn)
Scrolls
 f - a scroll of blinking {unknown}
Potions
 b - a potion of curing
 d - a potion of mutation
 e - 2 potions of might {unknown}


   Skills:
 + Level 2.6 Fighting
 - Level 1.0 Armour
 - Level 1.8 Dodging
 - Level 1.0 Spellcasting
 - Level 1.8 Translocations
 - Level 1.8 Ice Magic


You had 3 spell levels left.
You didn't know any spells.
Your spell library contained the following spells:

 Spells                   Type           Power      Damage    Failure   Level
 Apportation              Tloc           12%        N/A       12%         1
 Freeze                   Ice            24%        1d5       12%         1
 Frozen Ramparts          Ice            12%        1d2       34%         3
 Ozocubu's Armour         Ice            6%         N/A       34%         3
 Portal Projectile        Hex/Tloc       6%         N/A       45%         3


Dungeon Overview and Level Annotations

Branches:
Dungeon (1/15)

Altars:


Innate Abilities, Weirdness & Mutations

You have a pair of small antennae on your head.


Message History

The goblin shouts!
A goblin is nearby!
A goblin is nearby!
You see here 11 gold pieces.
You hit the goblin.
The goblin is severely wounded.
The goblin barely misses you.
You hit the goblin.
You kill the goblin!
You now have 14 gold pieces (gained 11).
You see here a +0 dagger.
A quokka comes into view.
The quokka closely misses you.
You hit the quokka.
The quokka is severely wounded.
The quokka closely misses you. The quokka barely misses you.
You closely miss the quokka.
The quokka is severely wounded.
The quokka bites you. x2
You completely miss the quokka.
The quokka is severely wounded.
The quokka bites you but does no damage.
You hit the quokka.
You kill the quokka!
No target in view!
f - a scroll labelled LAEGROSTRAI A frilled lizard comes into view.
The frilled lizard hisses angrily.
A frilled lizard is nearby!
The frilled lizard closely misses you.
You barely miss the frilled lizard.
The frilled lizard bites you but does no damage.
You hit the frilled lizard.
You kill the frilled lizard!
You have reached level 2!
Your demonic ancestry asserts itself...
A pair of antennae grows on your head!
Welcome back, growler the Demonspawn Wanderer.
Press ? for a list of commands and other information.
Are you sure you want to abandon this character and quit the game? (Confirm with "yes".)

## ###.
#############
#)..
............
##..
...........
#...
..........
#...
#.........
#<..
#@........
#...
#.........
#...
#...#####
##.. #...#
...
#...#######
##.
#.........# #
#.........# #
####......#
.#.
#......####


There were no monsters in sight!

Vanquished Creatures
  A bat (D:1)
  A giant cockroach (D:1)
  A goblin (D:1)
  A quokka (D:1)
  2 frilled lizards (D:1)
  A kobold (D:1)
  A rat (D:1)
8 creatures vanquished.

Notes
Turn   | Place    | Note
-------+----------+-------------------------------------------
     0 | D:1      | growler the Demonspawn Wanderer began the quest for the
                  | Orb.
     0 | D:1      | growler set off with the following items: a +0 club, a
                  | potion of curing, a +0 robe, a potion of mutation; and the
                  | following spells available to memorise: Apportation,
                  | Freeze, Frozen Ramparts, Ozocubu's Armour, Portal
                  | Projectile.
     0 | D:1      | Reached XP level 1. HP: 16/16 MP: 2/2
   575 | D:1      | Gained mutation: You have a pair of small antennae on your
                  | head. [demonic ancestry]
   575 | D:1      | Reached XP level 2. HP: 23/23 MP: 3/3
   575 | D:1      | Quit the game

Illustrated notes

Levels and vault maps discovered:
D:1:      dpeg_arrival_stone_temple_mockup, layout_basic,
          shapermc_ecumenical_altar_mp_urbaneastern

Action                   || total
-------------------------++-------
Melee: Club              ||    22
Armor: Robe              ||     4
Dodge: Dodged            ||    15
